[Event "Titled Tuesday Blitz January 03 Late 2023"]
[White "Dardha, Daniel"]
[Black "Silva, Miguel Antonio Neto"]
[WhiteFideId "240990"]
[BlackFideId "1911929"]
[WhiteElo "2631"]
[BlackElo "2204"]
[Result "1-0"]
[Round "01"]
[TimeControl "180+2"]
[Date "2023.01.03"]
[WhiteClock "0:00:10"]
[BlackClock "0:00:11"]

1. d4 Nf6 2. Bg5 d5 3. e3 Ne4 4. Bf4 c5 5. Nd2 Nf6 6. dxc5 e6 7. b4 g6 8. Ngf3 Bg7 9. Rb1 O-O 10. Be2 a5 11. a3 axb4 12. axb4 Nc6 13. O-O Re8 14. c4 d4 15. b5 dxe3 16. Bxe3 Ne7 17. Nb3 Nf5 18. Qxd8 Rxd8 19. Bf4 Ne4 20. Rbd1 Bd7 21. Be5 Nc3 22. Rde1 Be8 23. Bxg7 Kxg7 24. g4 Ne7 25. Nbd4 Ra4 26. Rc1 Nxe2+ 27. Nxe2 h5 28. gxh5 Nf5 29. hxg6 f6 30. Nf4 Rda8 31. Nxe6+ Kxg6 32. Nc7 Rc8 33. Nxe8 Rxe8 34. Rfd1 Kh5 35. Rd5 Kg4 36. Re1 Rxe1+ 37. Nxe1 Rxc4 38. f3+ Kf4 39. Ng2+ Kg5 40. Rxf5+ 1-0


[Site "https://www.chess.com"]

[Event "Titled Tuesday Blitz January 03 Late 2023"]
[White "Droin, Augustin"]
[Black "Oparin, Grigoriy"]
[WhiteFideId "45105987"]
[BlackFideId "24125890"]
[WhiteElo "2436"]
[BlackElo "2667"]
[Result "0-1"]
[Round "01"]
[TimeControl "180+2"]
[Date "2023.01.03"]
[WhiteClock "0:02:42"]
[BlackClock "0:02:31"]

1. e4 c6 2. d4 d5 3. e5 c5 4. dxc5 e6 5. c3 Bxc5 6. Qh5 Ne7 7. Bd3 Nbc6 8. Nf3 Qc7 9. O-O Ng6 10. Re1 Bd7 11. b4 Bb6 12. Nbd2 Nf4 0-1


[Site "https://www.chess.com"]

[Event "Titled Tuesday Blitz January 03 Late 2023"]
[White "Bortnyk, Mykola"]
[Black "Jimenez Almeida, Luis David"]
[WhiteFideId "14120836"]
[BlackFideId "22242244"]
[WhiteElo "2425"]
[BlackElo "2242"]
[Result "1-0"]
[Round "01"]
[TimeControl "180+2"]
[Date "2023.01.03"]
[WhiteClock "0:00:54"]
[BlackClock "0:00:16"]

1. e4 Nf6 2. e5 Nd5 3. d4 d6 4. c4 Nb6 5. f4 dxe5 6. fxe5 c5 7. d5 e6 8. Nc3 exd5 9. cxd5 c4 10. d6 Nc6 11. Nf3 Bg4 12. Bf4 g5 13. Bg3 Bg7 14. Be2 O-O 15. O-O Re8 16. Ne4 Bxf3 17. Bxf3 Nxe5 18. Bh5 Ng6 19. Qf3 Rxe4 20. Qxe4 Bxb2 21. Qxb7 Qd7 22. Qxd7 Nxd7 23. Rab1 Bd4+ 24. Bf2 Be5 25. Rb7 Nf6 26. Be2 Bxd6 27. Bxc4 Ne5 28. Bb3 Nfg4 29. Bd4 a5 30. h3 a4 31. Bd5 Ra5 32. Bxf7+ Nxf7 33. Rfxf7 Rd5 34. Rg7+ Kf8 35. Rxh7 Rxd4 36. Rh8# 1-0


[Site "https://www.chess.com"]

[Event "Titled Tuesday Blitz January 03 Late 2023"]
[White "Martinez Reyes, Pedro Ramon"]
[Black "Melkumyan, Hrant"]
[WhiteFideId "3901807"]
[BlackFideId "13302485"]
[WhiteElo "2376"]
[BlackElo "2645"]
[Result "1-0"]
[Round "01"]
[TimeControl "180+2"]
[Date "2023.01.03"]
[WhiteClock "0:00:07"]
[BlackClock "0:00:01"]

1. e4 c5 2. Nf3 Nc6 3. d4 cxd4 4. Nxd4 g6 5. c4 Nf6 6. Nc3 d6 7. f3 Nxd4 8. Qxd4 Bg7 9. Be3 O-O 10. Qd2 a5 11. O-O-O a4 12. a3 Be6 13. Kb1 Nd7 14. h4 Nc5 15. h5 Nb3 16. Qc2 Qa5 17. hxg6 fxg6 18. Bh6 Bxh6 19. Rxh6 Qg5 20. Rh1 Rfc8 21. Nd5 Bxd5 22. Rxd5 Qf6 23. e5 dxe5 24. Qe4 Rc5 25. Ka2 Rac8 26. Be2 Kg7 27. Rhd1 b6 28. Rd7 R8c7 29. Rd8 Ra7 30. Rb8 Nd4 31. Qe3 Rac7 32. Bd3 Rc8 33. Rb7 R5c7 34. Rxc7 Rxc7 35. Rh1 h5 36. g4 h4 37. g5 Qf4 38. Qf2 Rc6 39. Rxh4 Qxg5 40. Qh2 Nf5 41. Rg4 Qf6 42. Qg2 e6 43. Qg1 Rd6 44. Be4 Ne7 45. c5 bxc5 46. Qxc5 Rd4 47. Qc7 Qf7 48. Qxe5+ Qf6 49. Qc7 e5 50. Rxg6+ Qxg6 51. Bxg6 Kf6 52. Be4 Rd2 53. Qb6+ Kf7 54. Qb4 Rd4 55. Qb7 Kf6 56. b3 axb3+ 57. Kxb3 Rd6 58. a4 Rd1 59. Kc2 Ra1 60. a5 1-0


[Site "https://www.chess.com"]

[Event "Titled Tuesday Blitz January 03 Late 2023"]
[White "Svane, Rasmus"]
[Black "Rangel, Daniel"]
[WhiteFideId "4657101"]
[BlackFideId "2124475"]
[WhiteElo "2623"]
[BlackElo "2207"]
[Result "0-1"]
[Round "01"]
[TimeControl "180+2"]
[Date "2023.01.03"]
[WhiteClock "0:00:04"]
[BlackClock "0:00:22"]

1. Nf3 Nf6 2. g3 d5 3. Bg2 Bg4 4. O-O c6 5. h3 Bxf3 6. Bxf3 e6 7. d3 Be7 8. e4 Nbd7 9. Nd2 O-O 10. a4 Re8 11. Bg2 a5 12. Qe2 e5 13. exd5 Nxd5 14. Nc4 Bf8 15. Re1 N7b6 16. Nd2 Nb4 17. Nf3 f6 18. h4 Na6 19. h5 Nc5 20. b3 Ne6 21. Qe4 Nd5 22. Qg4 Kh8 23. Bb2 Bb4 24. h6 g6 25. Nxe5 fxe5 26. Rxe5 Qf6 27. Bxd5 cxd5 28. Qe2 d4 29. Bxd4 Nxd4 30. Rxe8+ Bf8 31. Qe5 Nf3+ 32. Kf1 Nxe5 33. Rxa8 Ng4 34. Kg2 Qxf2+ 35. Kh3 Qf5 36. Kg2 Ne3+ 37. Kg1 Qf3 38. Rxf8+ Qxf8 39. Kh2 Qf2+ 40. Kh3 Qg2+ 41. Kh4 Qh2+ 42. Kg5 Qh5+ 43. Kf6 Qf5+ 44. Ke7 Qe5+ 45. Kd7 Qxa1 0-1


[Site "https://www.chess.com"]

[Event "Titled Tuesday Blitz January 03 Late 2023"]
[White "Herman, Daniel"]
[Black "Jacobson, Brandon"]
[WhiteFideId "30935008"]
[BlackFideId "30901561"]
[WhiteElo "1956"]
[BlackElo "2556"]
[Result "0-1"]
[Round "01"]
[TimeControl "180+2"]
[Date "2023.01.03"]
[WhiteClock "0:00:05"]
[BlackClock "0:00:12"]

1. c4 Nf6 2. g3 e5 3. Bg2 c6 4. d4 e4 5. d5 Bb4+ 6. Bd2 Qe7 7. Bxb4 Qxb4+ 8. Qd2 Qxc4 9. d6 O-O 10. Nc3 Re8 11. Nh3 Qc5 12. e3 b5 13. Rc1 Qe5 14. Nf4 Ba6 15. b4 Bb7 16. Nce2 a5 17. Rc5 Qa1+ 18. Rc1 Qe5 19. Rc5 Nd5 20. Nxd5 cxd5 21. O-O axb4 22. Rxb5 Bc6 23. Rxb4 Na6 24. Rd4 Nc5 25. Nf4 Ne6 26. Nxe6 dxe6 27. Rc1 Bd7 28. Rc7 Qxd6 29. Rc1 Qa3 30. Bxe4 Qxa2 31. Qxa2 Rxa2 32. Bf3 g6 33. h4 Rb8 34. Rc7 Be8 35. Rf4 Kg7 36. Bg4 e5 37. Rf3 Rb6 38. Re7 e4 39. Rf4 Ra1+ 40. Kg2 Rbb1 41. Be6 h5 42. Rfxf7+ Bxf7 43. Rxf7+ Kh6 44. g4 Rg1+ 45. Kh2 Rh1+ 46. Kg3 Rag1+ 47. Kf4 Rxh4 48. Rf8 Rhxg4+ 49. Bxg4 Rxg4+ 50. Ke5 Kg7 51. Ra8 Rg5+ 52. Kf4 Rf5+ 53. Kg3 g5 54. Ra7+ Kg6 55. Ra6+ Rf6 56. Ra7 h4+ 57. Kg2 g4 58. Ra8 h3+ 59. Kg3 Rf3+ 60. Kxg4 h2 61. Rh8 Rxf2 62. Kg3 Re2 63. Kf4 Kf6 64. Rh6+ Kg7 65. Rh3 Kg6 66. Rh8 Rd2 67. Rh3 Kf6 68. Rh6+ Kg7 69. Rh3 Kf6 70. Rh6+ Ke7 71. Rh3 Kd6 72. Rh6+ Kc5 73. Rh5 Kc4 74. Rh4 Kd3 75. Rh3 Rg2 76. Ke5 d4 77. exd4+ e3 78. d5 Kd2 79. d6 e2 80. d7 e1=Q+ 81. Kd6 Rg8 82. Rxh2+ Kc1 83. Ra2 Qb4+ 84. Kc7 Qc5+ 85. Kb7 Qb5+ 86. Kc7 Qc4+ 87. Kb7 Qxa2 88. Kb6 Qd5 89. Kc7 Rg7 90. Kc8 Qxd7+ 91. Kb8 Qd8# 0-1


[Site "https://www.chess.com"]

[Event "Titled Tuesday Blitz January 03 Late 2023"]
[White "Lenderman, Aleksandr"]
[Black "Ozates, Tuna"]
[WhiteFideId "2021285"]
[BlackFideId "6354521"]
[WhiteElo "2572"]
[BlackElo "2251"]
[Result "1-0"]
[Round "01"]
[TimeControl "180+2"]
[Date "2023.01.03"]
[WhiteClock "0:00:28"]
[BlackClock "0:00:17"]

1. e4 c5 2. d4 cxd4 3. c3 d3 4. Bxd3 Nc6 5. Nf3 g6 6. Bc4 Bg7 7. e5 Nh6 8. Bf4 O-O 9. O-O Ng4 10. Re1 Qc7 11. Qe2 Kh8 12. h3 Nh6 13. Qd2 Ng8 14. e6 d6 15. exf7 Nf6 16. Na3 a6 17. Ng5 e5 18. Be3 b5 19. Bb3 Na5 20. Rad1 Nxb3 21. axb3 h6 22. Nf3 Ne4 23. Qd3 Bf5 24. Qd5 Qxf7 25. Qxf7 Rxf7 26. Nd2 Nxd2 27. Rxd2 Rd8 28. c4 b4 29. Nc2 a5 30. Ra1 Bxc2 31. Rxc2 d5 32. Rxa5 d4 33. Bd2 d3 34. Rc1 e4 35. Re1 Bxb2 36. Rxe4 Bc3 37. Ra2 Rdd7 38. Kf1 Ra7 39. Re8+ Kh7 40. Ra8 Rxa8 41. Rxa8 Bxd2 42. Rd8 Re7 43. g3 Re1+ 44. Kg2 Bc3 45. Rxd3 Rb1 46. c5 Rxb3 47. c6 Rb1 48. c7 1-0


[Site "https://www.chess.com"]

[Event "Titled Tuesday Blitz January 03 Late 2023"]
[White "Melaugh, Shane"]
[Black "Liascovich, Lucas"]
[WhiteFideId "2509580"]
[BlackFideId "108634"]
[WhiteElo "2115"]
[BlackElo "2411"]
[Result "0-1"]
[Round "01"]
[TimeControl "180+2"]
[Date "2023.01.03"]
[WhiteClock "0:00:16"]
[BlackClock "0:00:23"]

1. c4 c6 2. Nc3 d5 3. cxd5 cxd5 4. d4 Nc6 5. Nf3 Nf6 6. Bg5 a6 7. e3 Ne4 8. Bh4 Bf5 9. Bd3 Nxc3 10. bxc3 Qd7 11. O-O Bxd3 12. Qxd3 e6 13. e4 Be7 14. Bxe7 Nxe7 15. c4 dxc4 16. Qxc4 O-O 17. Rab1 b5 18. Qd3 Rac8 19. Rfc1 f6 20. Qb3 Rxc1+ 21. Rxc1 Nc6 22. h3 Rd8 23. Rd1 Qe7 24. d5 Na5 25. Qc2 exd5 26. Rxd5 Rxd5 27. exd5 Nc4 28. Qf5 Nd6 29. Qc2 Nc4 30. Qf5 Nd6 31. Qc2 g6 32. Qc6 Kf7 33. Qxa6 Qc7 34. g3 Qc5 35. Qa8 Ne4 36. Qb7+ Kf8 37. Qb8+ Kg7 38. Qf4 Qxf2+ 39. Kh1 Nxg3+ 0-1


[Site "https://www.chess.com"]

[Event "Titled Tuesday Blitz January 03 Late 2023"]
[White "Grigoriants, Sergey"]
[Black "Kalogeris, Ioannis"]
[WhiteFideId "4130804"]
[BlackFideId "4239563"]
[WhiteElo "2562"]
[BlackElo "2423"]
[Result "1-0"]
[Round "01"]
[TimeControl "180+2"]
[Date "2023.01.03"]
[WhiteClock "0:00:14"]
[BlackClock "0:00:32"]

1. d4 d5 2. c4 c6 3. Nf3 Nf6 4. e3 Bf5 5. Nc3 e6 6. Nh4 Be4 7. f3 Bg6 8. Bd2 Be7 9. Nxg6 hxg6 10. Qc2 Nbd7 11. O-O-O Rc8 12. Kb1 dxc4 13. Bxc4 b5 14. Be2 a6 15. Bc1 Qa5 16. e4 O-O 17. h4 c5 18. d5 exd5 19. Nxd5 Nxd5 20. exd5 c4 21. h5 gxh5 22. Rxh5 g6 23. Rh6 Kg7 24. Bd2 Qb6 25. Rdh1 Rh8 26. Qe4 Bf6 27. Qg4 Qd4 28. Rxg6+ Kf8 29. Bb4+ Ke8 30. Rxh8+ 1-0


[Site "https://www.chess.com"]

[Event "Titled Tuesday Blitz January 03 Late 2023"]
[White "Fiorito, Joaquin"]
[Black "Terry, Renato"]
[WhiteFideId "180173"]
[BlackFideId "3803457"]
[WhiteElo "2405"]
[BlackElo "2520"]
[Result "0-1"]
[Round "01"]
[TimeControl "180+2"]
[Date "2023.01.03"]
[WhiteClock "0:00:32"]
[BlackClock "0:01:30"]

1. d4 e6 2. e4 d5 3. Nd2 Be7 4. Ngf3 Nf6 5. e5 Nfd7 6. Bd3 c5 7. c3 Nc6 8. O-O g5 9. Qe2 h5 10. h3 g4 11. hxg4 hxg4 12. Ne1 cxd4 13. cxd4 g3 14. Nc2 Bh4 15. f4 Nf8 16. Nb3 Ne7 17. Ne3 b6 18. Bd2 a5 19. a4 Bd7 20. Bb5 Nfg6 21. Rac1 Nf5 22. Nxf5 exf5 23. e6 Bxb5 24. Qxb5+ Kf8 25. Qc6 Bf6 26. Rce1 Bxd4+ 0-1


[Site "https://www.chess.com"]

[Event "Titled Tuesday Blitz January 03 Late 2023"]
[White "Kamsky, Gata"]
[Black "Reprintsev, Alexander"]
[WhiteFideId "2000024"]
[BlackFideId "14100541"]
[WhiteElo "2665"]
[BlackElo "2253"]
[Result "1-0"]
[Round "01"]
[TimeControl "180+2"]
[Date "2023.01.03"]
[WhiteClock "0:01:44"]
[BlackClock "0:01:52"]

1. d4 d5 2. Bf4 Nf6 3. e3 c5 4. c3 Qb6 5. Qb3 c4 6. Qc2 g6 7. Nd2 Bf5 8. Qc1 Bg7 9. Ngf3 Nc6 10. Be2 Nd7 11. O-O e5 12. Nxe5 Ndxe5 13. dxe5 Nxe5 14. Bxe5 Bxe5 15. Nf3 Bg7 16. Rd1 Be6 17. Nd4 O-O 18. Bf3 Rad8 19. Qc2 Qc5 20. Rd2 b5 21. a3 a5 22. Rad1 b4 23. axb4 axb4 24. cxb4 Qb6 25. b5 Rd7 26. b3 Rfd8 27. Nxe6 fxe6 28. bxc4 d4 29. Bc6 Rd6 30. c5 Rxc6 31. bxc6 Qxc6 32. exd4 Rd5 33. g3 Qe8 34. Qe4 Bf6 35. Re2 Kf7 36. Qxd5 exd5 37. Rxe8 Kxe8 38. Kf1 1-0


[Site "https://www.chess.com"]

[Event "Titled Tuesday Blitz January 03 Late 2023"]
[White "Roberson, Peter T"]
[Black "Li, Ruifeng"]
[WhiteFideId "412384"]
[BlackFideId "2061074"]
[WhiteElo "2430"]
[BlackElo "2541"]
[Result "1-0"]
[Round "01"]
[TimeControl "180+2"]
[Date "2023.01.03"]
[WhiteClock "0:00:05"]
[BlackClock "0:00:11"]

1. e4 d6 2. d4 Nf6 3. Nc3 Nc6 4. Bb5 a6 5. Bxc6+ bxc6 6. Nf3 g6 7. O-O Bg7 8. Re1 O-O 9. b3 c5 10. Bb2 cxd4 11. Qxd4 c5 12. Qd3 Bb7 13. Rad1 Qc7 14. e5 dxe5 15. Nxe5 Rad8 16. Qe2 e6 17. Nc4 Rd4 18. Na4 Rh4 19. h3 Ng4 20. Ne5 Nxe5 21. Bxe5 Qc6 22. f3 Bxe5 23. Qxe5 Rxh3 24. gxh3 Qxf3 25. Qh2 Rc8 26. Rd3 Qf6 27. Red1 c4 28. Rd7 Bf3 29. R1d2 cxb3 30. axb3 Be4 31. Nb6 Rc3 32. Nc4 Kg7 33. Qe5 Rxh3 34. Qxf6+ Kxf6 35. R7d6 Bf5 36. Rxa6 h5 37. Nd6 h4 38. Nxf5 gxf5 39. Kg2 Rg3+ 40. Kf2 Kg5 41. Rd3 f4 42. Rxg3+ fxg3+ 43. Kf3 e5 44. Ra5 Kf5 45. b4 Ke6 46. b5 f5 47. b6 e4+ 48. Kg2 f4 49. b7 f3+ 50. Kh3 f2 51. Ra1 e3 52. b8=Q e2 53. Qe8+ Kd5 54. Qxe2 Kd4 55. Qd3+ Kc5 56. Ra5+ Kb4 57. Qb5+ Kc3 58. Qd3+ Kb2 59. Rb5+ Kc1 60. Qf1+ Kd2 61. Kg2 h3+ 62. Kxg3 Kc3 63. Rh5 Kd2 64. c4 Kc3 65. c5 1-0


[Site "https://www.chess.com"]

[Event "Titled Tuesday Blitz January 03 Late 2023"]
[White "Makarian, Rudik"]
[Black "Bochnicka, Vladimir"]
[WhiteFideId "44105681"]
[BlackFideId "14943450"]
[WhiteElo "2545"]
[BlackElo "2327"]
[Result "1-0"]
[Round "01"]
[TimeControl "180+2"]
[Date "2023.01.03"]
[WhiteClock "0:02:16"]
[BlackClock "0:01:54"]

1. d4 d5 2. c4 dxc4 3. e3 Nf6 4. Bxc4 e6 5. Nf3 c5 6. O-O a6 7. Nc3 b5 8. Bb3 Bb7 9. e4 c4 10. Bc2 b4 11. Ba4+ Nbd7 12. e5 Nd5 13. Ne4 Be7 14. Bg5 O-O 15. Nd6 Qe8 16. Nxe8 1-0


[Site "https://www.chess.com"]

[Event "Titled Tuesday Blitz January 03 Late 2023"]
[White "reevecanada"]
[Black "Tang, Andrew"]
[BlackFideId "2059630"]
[WhiteElo "2486"]
[BlackElo "2523"]
[Result "0-1"]
[Round "01"]
[TimeControl "180+2"]
[Date "2023.01.03"]
[WhiteClock "0:00:07"]
[BlackClock "0:00:14"]

1. e4 b5 2. Bxb5 f5 3. exf5 c6 4. Qh5+ g6 5. fxg6 Bg7 6. gxh7+ Kf8 7. hxg8=Q+ Kxg8 8. Qf3 cxb5 9. Ne2 Nc6 10. d4 Bb7 11. Qb3+ e6 12. d5 Na5 13. Qxb5 Bxd5 14. Nbc3 a6 15. Qd3 Bb7 16. Bf4 d5 17. O-O-O Rc8 18. h4 Nc4 19. h5 Qb6 20. b3 Ne5 21. Qg3 Nf7 22. h6 Rh7 23. hxg7 Rxg7 24. Qh3 e5 25. Bd2 d4 26. Nb1 Qc5 27. c3 Bxg2 28. Qh4 Bxh1 29. Rxh1 d3 30. Ng1 e4 31. Nh3 Qf5 32. Nf4 Rc6 33. Nh5 Rh7 34. Qg3+ Kf8 35. Qb8+ Rc8 36. Qb4+ Kg8 37. Rg1+ Kh8 38. Qd4+ Qe5 39. Qxe5+ Nxe5 40. Nf6 Rh3 41. Nxe4 Nf3 42. Rg4 Rh1+ 43. Kb2 Re8 44. Rf4 Ne5 45. Nf6 Rf8 46. Rf5 Ng6 47. c4 Ne7 48. Rf3 Kg7 49. Bc3 Kg6 50. Rg3+ Kf7 51. Ne4 Rf1 52. Rxd3 Nf5 53. Ng5+ Kg6 54. Nh3 Re8 55. Nf4+ Kg5 56. Nh3+ Kg4 57. Nd2 Re2 58. Ka3 Rh1 59. Nf3 Re8 60. Ne5+ Kh4 61. Ng6+ Kg4 62. Ngf4 Rc1 63. f3+ Kg3 64. Bb2 Rc2 65. Rd5 Ne3 66. Rg5+ Kh2 67. Nd3 Re2 68. Be5+ Kxh3 69. Nf4+ Kh4 70. Rg4+ Nxg4 71. Nxe2 Nxe5 72. Nf4 Nxf3 73. Nd5 Kg5 74. Nc7 Rc8 75. Nd5 Nd4 76. Ka4 Nc6 77. a3 Kf5 78. Nb6 Rc7 79. Nd5 Rb7 80. b4 Ke5 81. Nc3 Kd4 82. Kb3 Na5+ 83. Ka4 Kxc3 84. Kxa5 Kxc4 85. Kxa6 Rb5 86. Ka7 Kb3 87. Ka6 Ka4 88. Ka7 Kxa3 89. Ka6 Kxb4 90. Ka7 Kc5 91. Ka6 Kc6 92. Ka7 Kc7 93. Ka8 Rc5 94. Ka7 Ra5# 0-1


[Site "https://www.chess.com"]

[Event "Titled Tuesday Blitz January 03 Late 2023"]
[White "Zierk, Steven"]
[Black "Blanco Acevedo, Cristobal Jose"]
[WhiteFideId "2034255"]
[BlackFideId "3900525"]
[WhiteElo "2488"]
[BlackElo "2310"]
[Result "1-0"]
[Round "01"]
[TimeControl "180+2"]
[Date "2023.01.03"]
[WhiteClock "0:00:39"]
[BlackClock "0:00:17"]

1. e4 c5 2. Nf3 Nc6 3. Bb5 e6 4. O-O Nge7 5. Re1 a6 6. Bf1 Ng6 7. c3 Be7 8. d4 cxd4 9. cxd4 d6 10. Nc3 O-O 11. g3 b5 12. h4 b4 13. Ne2 Bf6 14. h5 Nge7 15. h6 g6 16. Be3 d5 17. e5 Bh8 18. Nf4 Nf5 19. Nd3 Nxe3 20. Rxe3 Ne7 21. Bh3 a5 22. Rc1 Bd7 23. Nc5 Rc8 24. Re2 Nf5 25. Bxf5 exf5 26. Qd2 Qe7 27. Qf4 Bb5 28. Rec2 f6 29. e6 a4 30. Qe3 Rc6 31. Nh4 Rfc8 32. Ng2 g5 33. Qf3 b3 34. axb3 axb3 35. Rc3 Bc4 36. Ne3 Rxc5 37. dxc5 Qxe6 38. Nxc4 dxc4 39. Rxc4 f4 40. gxf4 g4 41. Qxb3 f5 42. Rb4 Qxb3 43. Rxb3 Rc6 44. Rb6 1-0


[Site "https://www.chess.com"]

[Event "Titled Tuesday Blitz January 03 Late 2023"]
[White "Martin Carmona, Gaston Manuel"]
[Black "Svane, Frederik"]
[WhiteFideId "22284567"]
[BlackFideId "12923044"]
[WhiteElo "2333"]
[BlackElo "2600"]
[Result "1-0"]
[Round "01"]
[TimeControl "180+2"]
[Date "2023.01.03"]
[WhiteClock "0:00:40"]
[BlackClock "0:00:31"]

1. e4 e6 2. d4 d5 3. e5 c5 4. c3 Bd7 5. Nf3 Qb6 6. a3 c4 7. h4 Ne7 8. g3 Nbc6 9. Nbd2 Na5 10. Bh3 O-O-O 11. O-O Kb8 12. Ng5 f6 13. Nf7 Rg8 14. Nxd8 Qxd8 15. exf6 gxf6 16. Nf3 Nec6 17. Bf4+ Ka8 18. Re1 Nb3 19. Rb1 Qe8 20. Qe2 Nd8 21. Nd2 Nxd2 22. Qxd2 Qg6 23. Bc7 Bh6 24. Qe2 f5 25. Be5 Nf7 26. b3 cxb3 27. Rxb3 Ba4 28. Rxb7 Nxe5 29. Qa6 Nc6 30. Reb1 Be3 31. Rxa7+ Nxa7 32. Qb7# 1-0


[Site "https://www.chess.com"]

[Event "Titled Tuesday Blitz January 03 Late 2023"]
[White "Baskakov, Egor"]
[Black "Ibadov, Dashgyn"]
[WhiteFideId "24197866"]
[BlackFideId "24107514"]
[WhiteElo "2215"]
[BlackElo "2391"]
[Result "1-0"]
[Round "01"]
[TimeControl "180+2"]
[Date "2023.01.03"]
[WhiteClock "0:00:18"]
[BlackClock "0:00:02"]

1. e4 e5 2. Nc3 Nf6 3. g3 c6 4. Bg2 d5 5. d3 Bb4 6. a3 Ba5 7. b4 Bb6 8. exd5 cxd5 9. Nge2 O-O 10. O-O Nc6 11. Bg5 Be6 12. Bxf6 gxf6 13. Kh1 Nd4 14. f4 Nxe2 15. Nxe2 Qd7 16. Qd2 Kh8 17. Rae1 Rac8 18. c3 Rg8 19. Qb2 a6 20. fxe5 fxe5 21. c4 d4 22. Ng1 Bc7 23. Nf3 f6 24. Nd2 Rg6 25. Ne4 Rf8 26. Nc5 Qc8 27. Nxe6 Qxe6 28. Qxd4 Rd8 29. Qa7 Rxd3 30. Qxb7 Bd8 31. Rd1 Rxd1 32. Rxd1 Be7 33. Qa8+ Rg8 34. Qd5 Qxd5 35. Bxd5 Rc8 36. c5 Kg7 37. Bb7 Rc7 38. c6 Kf7 39. Rb1 Ke6 40. a4 Kd6 41. b5 axb5 42. axb5 Kc5 43. b6 1-0


[Site "https://www.chess.com"]

[Event "Titled Tuesday Blitz January 03 Late 2023"]
[White "Ladan, Nicholas"]
[Black "Ibarra Jerez, Jose Carlos"]
[WhiteFideId "30918855"]
[BlackFideId "2226332"]
[WhiteElo "2228"]
[BlackElo "2563"]
[Result "0-1"]
[Round "01"]
[TimeControl "180+2"]
[Date "2023.01.03"]
[WhiteClock "0:00:01"]
[BlackClock "0:00:44"]

1. d4 Nf6 2. Bf4 d5 3. e3 c5 4. Nf3 Nc6 5. Nbd2 e6 6. c3 cxd4 7. exd4 Nh5 8. Be3 Bd6 9. Bd3 Nf4 10. Bxf4 Bxf4 11. O-O O-O 12. Re1 g6 13. Ne5 Qc7 14. Ndf3 f6 15. Nxc6 bxc6 16. b4 Bh6 17. a4 Bg7 18. Qb3 Rb8 19. c4 Qd6 20. c5 Qc7 21. b5 e5 22. Qa2 Kh8 23. Bf1 e4 24. Nd2 f5 25. Nb3 f4 26. bxc6 Qxc6 27. Rab1 Qc7 28. a5 Bf5 29. Rb2 Rb4 30. a6 Rfb8 31. Qa3 Bxd4 32. Nxd4 Rxb2 33. Nxf5 gxf5 34. Qc3+ Qg7 35. Qa5 Qd4 36. Be2 f3 37. gxf3 exf3 38. Bf1 Qxf2+ 0-1


[Site "https://www.chess.com"]

[Event "Titled Tuesday Blitz January 03 Late 2023"]
[White "Oliveira, Silvio Eduardo"]
[Black "Jovic, Stanoje"]
[WhiteFideId "2111560"]
[BlackFideId "905020"]
[WhiteElo "2297"]
[BlackElo "2075"]
[Result "1-0"]
[Round "01"]
[TimeControl "180+2"]
[Date "2023.01.03"]
[WhiteClock "0:02:28"]
[BlackClock "0:01:49"]

1. e4 c6 2. d4 d5 3. exd5 cxd5 4. Bd3 Nc6 5. c3 e5 6. dxe5 Nxe5 7. Nf3 Nxd3+ 8. Qxd3 Nf6 9. O-O Be7 10. Re1 O-O 11. Bg5 Bg4 12. Nbd2 Re8 13. Nd4 Qb6 14. Nf1 h6 15. Bxf6 Bxf6 16. Ne3 Be6 17. Re2 a5 18. Nxe6 fxe6 19. Rae1 a4 20. Nxd5 Qa6 21. Nxf6+ 1-0


[Site "https://www.chess.com"]

[Event "Titled Tuesday Blitz January 03 Late 2023"]
[White "Khandelwal, Ankush"]
[Black "Zhigalko, Sergei"]
[WhiteFideId "413470"]
[BlackFideId "13502956"]
[WhiteElo "2205"]
[BlackElo "2572"]
[Result "0-1"]
[Round "01"]
[TimeControl "180+2"]
[Date "2023.01.03"]
[WhiteClock "0:00:18"]
[BlackClock "0:00:53"]

1. e4 c5 2. Nf3 Nc6 3. d4 cxd4 4. Nxd4 Nf6 5. Nc3 e5 6. Ndb5 d6 7. Bg5 a6 8. Na3 b5 9. Bxf6 gxf6 10. Nd5 Bg7 11. g3 f5 12. Bg2 fxe4 13. Bxe4 O-O 14. Ne3 Bb7 15. Qh5 h6 16. Qf5 Re8 17. O-O-O Kf8 18. Qh7 Qf6 19. Rxd6 Re6 20. Rxe6 fxe6 21. Rf1 Ke7 22. c3 b4 23. Nb1 a5 24. f4 Rh8 25. Qg6 Qxg6 26. Bxg6 exf4 27. Rxf4 Bf6 28. cxb4 axb4 29. h4 Rg8 30. h5 Bg5 31. Re4 Nd4 32. Rxd4 Bxe3+ 33. Rd2 Bd5 34. b3 Rf8 35. Kc2 Bxd2 36. Nxd2 Rf2 37. Kd3 Rg2 38. Kd4 Rxd2+ 0-1


[Site "https://www.chess.com"]

[Event "Titled Tuesday Blitz January 03 Late 2023"]
[White "Mosadeghpour, Masoud"]
[Black "Mesic, Ismet"]
[WhiteFideId "12519278"]
[BlackFideId "14411105"]
[WhiteElo "2472"]
[BlackElo "2190"]
[Result "1-0"]
[Round "01"]
[TimeControl "180+2"]
[Date "2023.01.03"]
[WhiteClock "0:02:45"]
[BlackClock "0:01:34"]

1. e4 e5 2. Nf3 Nc6 3. Bb5 Nf6 4. d3 Bc5 5. c3 a6 6. Bxc6 dxc6 7. Nxe5 O-O 8. O-O Re8 9. Nc4 b5 10. Be3 bxc4 11. Bxc5 Qxd3 12. Qxd3 cxd3 13. f3 Be6 14. Rd1 Rad8 15. Bd4 Bc4 16. Na3 Bb5 17. Bxf6 gxf6 18. c4 Rd4 19. cxb5 cxb5 20. Rac1 Re7 21. Rc5 Red7 22. Nb1 Kf8 23. Nc3 b4 24. Nd5 Kg7 25. Nxc7 d2 26. Nd5 f5 27. Ne3 f4 28. Nf5+ Kg6 29. Nxd4 Rxd4 30. Rd5 Rc4 31. R5xd2 a5 32. Rd6+ Kg7 33. h4 Rc2 34. R1d2 Rc1+ 35. Kh2 a4 36. h5 b3 37. h6+ Kf8 38. axb3 axb3 39. Rb6 Rc2 40. Rxc2 bxc2 41. Rc6 c1=Q 42. Rxc1 1-0


[Site "https://www.chess.com"]

[Event "Titled Tuesday Blitz January 03 Late 2023"]
[White "Fernandez Garcia, Gumersindo"]
[Black "Babazada, Khazar"]
[WhiteFideId "24516740"]
[BlackFideId "13413554"]
[WhiteElo "2160"]
[BlackElo "2474"]
[Result "0-1"]
[Round "01"]
[TimeControl "180+2"]
[Date "2023.01.03"]
[WhiteClock "0:00:46"]
[BlackClock "0:01:52"]

1. g3 d5 2. Bg2 Nf6 3. a3 e5 4. b4 Bd6 5. Bb2 Qe7 6. d3 a5 7. b5 O-O 8. Nd2 Nbd7 9. e4 dxe4 10. dxe4 Nc5 11. Ne2 Be6 12. O-O Na4 13. Bc1 Nd7 14. c4 Ndc5 15. Qc2 c6 16. bxc6 bxc6 17. Nc3 Nxc3 18. Qxc3 Rfb8 19. Qc2 Qa7 20. Kh1 f6 21. f4 a4 22. Bb2 Rxb2 23. Qxb2 Nd3 24. Qc3 Nf2+ 25. Rxf2 Qxf2 26. Rf1 Qc5 27. h4 Qxa3 28. Qxa3 Bxa3 29. fxe5 fxe5 30. Ra1 Bb2 31. Ra2 a3 32. Bf1 Rd8 33. Nb1 Rd1 0-1


[Site "https://www.chess.com"]

[Event "Titled Tuesday Blitz January 03 Late 2023"]
[White "Sanal, Vahap"]
[Black "Goncalves, Davi Sulzbacher"]
[WhiteFideId "6300545"]
[BlackFideId "2154510"]
[WhiteElo "2600"]
[BlackElo "2282"]
[Result "1-0"]
[Round "01"]
[TimeControl "180+2"]
[Date "2023.01.03"]
[WhiteClock "0:00:29"]
[BlackClock "0:00:01"]

1. Nf3 c5 2. e4 Nc6 3. Nc3 g6 4. Bb5 Bg7 5. Bxc6 dxc6 6. d3 Bg4 7. O-O e5 8. Be3 Qd6 9. h3 Bxf3 10. Qxf3 Nf6 11. Qe2 Nh5 12. a4 Nf4 13. Qf3 a5 14. Ne2 Ne6 15. Qg3 O-O 16. Rae1 b5 17. Nc3 Nd4 18. axb5 cxb5 19. Bxd4 cxd4 20. Nd5 a4 21. Re2 b4 22. Ra1 a3 23. b3 Ra5 24. Qg5 f6 25. Qd2 Rb8 26. Ree1 h5 27. Rf1 Kh7 28. g3 Bh6 29. Qe2 Rxd5 30. exd5 Qxd5 31. Ra2 Qc6 32. Kh2 Re8 33. Rd1 f5 34. Re1 Qc3 35. Rf1 e4 36. Kg1 Re7 37. dxe4 fxe4 38. Qb5 d3 39. cxd3 exd3 40. Qd5 d2 41. Raa1 Qc1 42. Raxc1 dxc1=Q 43. Rxc1 Bxc1 44. Qd6 Bg5 45. Qa6 Re1+ 46. Kg2 Ra1 47. Qa7+ Kh6 48. Qd4 Rc1 49. Qh8# 1-0


[Site "https://www.chess.com"]